 Dungeon Crawl Stone Soup version 0.30-a0-557-ge2afbf3030 (webtiles) character file.

Game seed: 16341163601412551020

2189 Hubris850 the Skirmisher (level 9, -7/47 HPs)
             Began as a Tengu Hexslinger on Dec 15, 2022.
             Was a Believer of Nemelex Xobeh.
             Shot with a sling bullet by Joseph (13 damage)
             ... on level 7 of the Dungeon on Dec 27, 2022.
             The game lasted 00:20:04 (6457 turns).

Hubris850 the Skirmisher (Tengu Hexslinger)         Turns: 6457, Time: 00:20:05

Health: -7/47      AC:  5    Str: 11    XL:     9   Next: 33%
Magic:  11/11      EV: 16    Int: 13    God:    Nemelex Xobeh [**....]
Gold:   396        SH:  0    Dex: 19    Spells: 9/10 levels left

rFire   + . .      SeeInvis +    a - +1 sling (freeze)
rCold   + . .      Faith    .    (no shield)
rNeg    . . .      Spirit   .    j - +2 robe {rC+ rF+}
rPois   .          Reflect  .    p - +1 hat
rElec   .          Harm     .    (no cloak)
rCorr   .          Rampage  .    (no gloves)
Will    .....                    (boots unavailable)
Stlth   +++                      (no amulet)
HPRegen 0.27/turn                g - ring of see invisible
MPRegen 0.12/turn                (no ring)

@: flying quickly and evasively, quick
A: beak, talons 3, nimble flight
a: Renounce Religion, Draw Escape, Draw Destruction, Draw Summoning


You were on level 7 of the Dungeon.
You worshipped Nemelex Xobeh.
Nemelex Xobeh was pleased with you.
You visited 1 branch of the dungeon, and saw 7 of its levels.

You collected 396 gold pieces.

Inventory:

Hand Weapons
 a - a +1 sling of freezing (weapon)
 n - a +0 long sword
Armour
 c - a +1 robe
 d - an orb of wrath
 j - a +2 robe of resistance (worn)
 m - a +0 pair of gloves
 p - a +1 hat (worn)
 t - +0 steam dragon scales
Jewellery
 g - a ring of see invisible (left hand)
Scrolls
 b - a scroll of poison
 o - 2 scrolls of fog
 q - a scroll of magic mapping
 v - 2 scrolls of teleportation
 x - a scroll of enchant armour
Potions
 e - a potion of cancellation
 f - 2 potions of magic
 h - 3 potions of curing
 i - a potion of brilliance {unknown}
 k - 2 potions of haste {unknown}
 l - 3 potions of mutation {unknown}
 r - a potion of resistance {unknown}
 s - a potion of ambrosia {unknown}
 u - a potion of heal wounds {unknown}
 w - a potion of might {unknown}


   Skills:
 - Level 1.0 Fighting
 + Level 12.7 Ranged Weapons
 - Level 3.0 Dodging
 - Level 3.0 Stealth
 - Level 1.0 Spellcasting
 - Level 2.1 Hexes


You had 9 spell levels left.
You knew the following spells:

 Your Spells              Type           Power      Damage    Failure   Level
a - Slow                  Hex            24%        N/A       12%         1

Your spell library contained the following spells:

 Spells                   Type           Power      Damage    Failure   Level
 Necrotise                Necr           0%         1d4       28%         1
 Dazzling Flash           Conj/Hex       6%         N/A       47%         3
 Inner Flame              Hex/Fire       3%         N/A       47%         3
 Portal Projectile        Hex/Tloc       6%         N/A       47%         3
 Gell's Gravitas          Tloc           0%         N/A       63%         3
 Mephitic Cloud           Conj/Pois/Air  0%         N/A       63%         3
 Teleport Other           Tloc           0%         N/A       63%         3
 Vampiric Draining        Necr           0%         2d6       63%         3
 Cause Fear               Hex            3%         N/A       75%         4
 Agony                    Necr           0%         N/A       100%        5
 Blade Hands              Tmut           0%         N/A       100%        5
 Irradiate                Conj/Tmut      0%         3d11      100%        5
 Dispersal                Tloc           0%         N/A       100%        6
 Eringya's Noxious Bog    Tmut/Pois      0%         N/A       100%        6
 Dragon Form              Tmut           0%         N/A       100%        7


Dungeon Overview and Level Annotations

Branches:
Dungeon (7/15)             Temple (0/1) D:5

Altars:
Nemelex Xobeh
Xom

Shops:
D:6 !   D:7 ?

Annotations:
D:7 Joseph


Innate Abilities, Weirdness & Mutations

You have a beak for a mouth.
You have claws for feet.
Your magical nature lets you fly swiftly and evasively.


Message History

Fire: a) +1 sling (freeze)
Press: ? - help, Q - select action, (/) - cycle Shift-Dir - straight line, f/p - Joseph
Aim: Joseph, wielding a +0 sling and wearing a +0 ring mail (almost dead, 69% to hit)
You shoot a sling bullet.
The sling bullet hits Joseph but does no damage.
Joseph is almost dead.
Joseph shoots a sling bullet.
The sling bullet hits you!
* * * LOW HITPOINT WARNING * * *
Unknown command.
Fire: a) +1 sling (freeze)
Press: ? - help, Q - select action, (/) - cycle Shift-Dir - straight line, f/p - Joseph
Aim: Joseph, wielding a +0 sling and wearing a +0 ring mail (almost dead, 69% to hit)
You shoot a sling bullet. The sling bullet barely misses Joseph.
Joseph shoots a sling bullet.
The sling bullet hits you.
* * * LOW HITPOINT WARNING * * *
Unknown command.
Fire: a) +1 sling (freeze)
Press: ? - help, Q - select action, (/) - cycle Shift-Dir - straight line, f/p - Joseph
Aim: Joseph, wielding a +0 sling and wearing a +0 ring mail (almost dead, 69% to hit)
You shoot a sling bullet.
The sling bullet hits Joseph but does no damage.
Joseph is almost dead.
Unknown command.
Fire: a) +1 sling (freeze)
Press: ? - help, Q - select action, (/) - cycle Shift-Dir - straight line, f/p - Joseph
Aim: Joseph, wielding a +0 sling and wearing a +0 ring mail (almost dead, 69% to hit)
You shoot a sling bullet. The sling bullet barely misses Joseph.
Joseph shoots a sling bullet.
The sling bullet closely misses you.
Unknown command.
Fire: a) +1 sling (freeze)
Press: ? - help, Q - select action, (/) - cycle Shift-Dir - straight line, f/p - Joseph
Aim: Joseph, wielding a +0 sling and wearing a +0 ring mail (almost dead, 69% to hit)
You shoot a sling bullet.
The sling bullet hits Joseph but does no damage.
Joseph is almost dead.
Joseph shoots a sling bullet.
The sling bullet hits you.
* * * LOW HITPOINT WARNING * * *
Joseph shoots a sling bullet.
The sling bullet hits you!
You die...
Your body disappears without a glow.

.#.... ...#. .... ... #.
.. ###.. ### ###.##
#.#.##.. # .##.∩
......##.#.##.#.#..##
..>..
.............@F......
.....
.?.:.....#....)...###
#...
.......#......#..)####
##...
.......÷...........!.
.....
.........##...@@#).##
#....
.........o....#.#..###
.....
......).....###).....#
..#.# ......##...)#o...#
#.## . #
...............#.###..#..


You could see Joseph and a bullfrog.

Vanquished Creatures
  Sigmund (D:4)
  A steam dragon (D:4)
  An ice beast (D:6)
  An ogre (D:6)
  3 centaurs
  A kobold brigand (D:7)
  10 scorpions
  3 bullfrogs
  2 necrophages (D:6)
  2 hounds (D:6)
  2 orc wizards (D:6)
  2 iguanas (D:6)
  A gnoll (D:6)
  5 adders
  A white imp (D:6)
  2 ufetubi
  A dart slug (D:1)
  16 orcs
  8 bats
  8 endoplasms
  5 giant cockroaches
  6 goblins
  11 hobgoblins
  A jackal (D:2)
  8 kobolds
  4 quokkas
  5 ball pythons
  A frilled lizard (D:2)
  5 rats
117 creatures vanquished.

Vanquished Creatures (collateral kills)
  An ice beast (D:6)
  An ogre (D:6)
2 creatures vanquished.

Vanquished Creatures (others)
  5 fungi (D:5)
5 creatures vanquished.

Grand Total: 124 creatures vanquished

Notes
Turn   | Place    | Note
-------+----------+-------------------------------------------
     0 | D:1      | Hubris850 the Tengu Hexslinger began the quest for the Orb.
     0 | D:1      | Reached XP level 1. HP: 12/12 MP: 3/3
   334 | D:1      | Reached XP level 2. HP: 16/16 MP: 4/4
   431 | D:1      | Reached skill level 1 in Stealth
   530 | D:1      | Found a faded altar of an unknown god.
   894 | D:1      | Upgraded the game from 0.30-a0-459-g9104f0fc43 to
                  | 0.30-a0-557-ge2afbf3030
   903 | D:2      | Found a sparkling altar of Nemelex Xobeh.
   907 | D:2      | Reached XP level 3. HP: 20/20 MP: 5/5
   922 | D:2      | Became a worshipper of Nemelex Xobeh the Trickster
  1259 | D:2      | Reached skill level 3 in Ranged Weapons
  1746 | D:3      | Reached XP level 4. HP: 25/25 MP: 6/6
  1919 | D:3      | Reached * piety under Nemelex Xobeh
  2562 | D:4      | Found a shimmering altar of Xom.
  2682 | D:4      | Noticed a scorpion
  2709 | D:4      | Noticed Sigmund
  2777 | D:4      | Received a gift from Nemelex Xobeh
  2777 | D:4      | Noticed a steam dragon
  2788 | D:4      | Killed a steam dragon
  2789 | D:4      | Reached skill level 5 in Ranged Weapons
  2789 | D:4      | Gained mutation: Your magical nature lets you fly swiftly
                  | and evasively. [Tengu growth]
  2789 | D:4      | Reached XP level 5. HP: 2/29 MP: 7/7
  2789 | D:4      | Reached XP level 6. HP: 3/34 MP: 8/8
  2975 | D:4      | Found a sparkling altar of Nemelex Xobeh.
  3080 | D:4      | Got the Codex of Entrancing Toxicity
  3578 | D:4      | Killed Sigmund
  3579 | D:4      | Reached skill level 6 in Ranged Weapons
  3692 | D:4      | Reached skill level 7 in Ranged Weapons
  3692 | D:4      | Reached XP level 7. HP: 32/38 MP: 9/9
  3914 | D:5      | Entered Level 5 of the Dungeon
  4088 | D:5      | Reached ** piety under Nemelex Xobeh
  4156 | D:5      | Received a gift from Nemelex Xobeh
  4300 | D:5      | Found a staircase to the Ecumenical Temple.
  4337 | D:5      | Reached skill level 8 in Ranged Weapons
  4451 | D:5      | Reached skill level 9 in Ranged Weapons
  4451 | D:5      | Reached XP level 8. HP: 4/43 MP: 10/10
  4749 | D:6      | Reached skill level 10 in Ranged Weapons
  4837 | D:6      | HP: 1/43 [centaur/+0 sling (4)]
  5024 | D:6      | Found Riotaown's Distillery.
  5165 | D:6      | Reached skill level 11 in Ranged Weapons
  5496 | D:6      | Reached XP level 9. HP: 47/47 MP: 11/11
  5661 | D:6      | Reached skill level 12 in Ranged Weapons
  6000 | D:7      | Received a gift from Nemelex Xobeh
  6034 | D:7      | Noticed Joseph
  6386 | D:7      | Found Xogrur's Magic Scroll Emporium.
  6457 | D:7      | Shot with a sling bullet by Joseph

Illustrated notes

Levels and vault maps discovered:
D:1:      eino_arrival_water_cross, layout_basic,
          dreamdust_ecumenical_altar_grove
D:2:      layout_rooms, serial_aquarium, aquarium_bridge_straight
          [aquarium_subvault_bridge, aquarium_subvault_wall,
          aquarium_subvault_bridge, aquarium_subvault_wall],
          aquarium_bridge_square [aquarium_subvault_bridge,
          aquarium_subvault_bridge, aquarium_subvault_wall,
          aquarium_subvault_bridge], aquarium_window_1, aquarium_window_fake,
          aquarium_window_1, aquarium_view_2e, aquarium_view_2e, basic_altar,
          st_stairs_1
D:3:      layout_basic
D:4:      layout_basic, nemelex_xobeh_ov_fountains_minmay,
          mainiacjoe_overflow_six_doors_small, minmay_splitting_lines,
          st_stairs_14, uniq_sigmund
D:5:      old_forge, layout_basic, minmay_temple_entry_statues_pillars
D:6:      layout_basic, kennysheep_windowed_goal
D:7:      layout_rooms, zin_purify, serial_shops, shop, lightli_church_of_beogh,
          uniq_joseph

Skill      XL: |  1  2  3  4  5  6  7  8  9 |
---------------+----------------------------+-----
Stealth        | 1 2 3 |  3.0
Ranged Weapons | 3 5 7 9 11 12 | 12.7
Dodging        | 3 |  3.0
Fighting       | |  1.0
Spellcasting   | |  1.0
Hexes          | |  2.1

Action                   |  1- 3 |  4- 6 |  7- 9 || total
-------------------------+-------+-------+-------++-------
 Fire: Sling             |   115 |   111 |   295 ||   521
 Cast: Slow              |     1 |     4 |     4 ||     9
Invok: Draw Destruction  |       |     1 |    11 ||    12
       Draw Summoning    |       |       |     1 ||     1
  Use: Scroll            |     6 |     5 |     4 ||    15
       Potion            |       |       |     1 ||     1
Armor: Robe              |    19 |    19 |    35 ||    73
Dodge: Dodged            |    38 |    43 |   169 ||   250

Table legend: (Time is in decaauts)
 A = Elapsed time spent in this place.
 B = Non-inter-level travel time spent in this place.
 C = Inter-level travel time spent in this place.
 D = Time resting spent in this place.
 E = Time spent auto-exploring this place.
 F = Levels seen in this place.
 G = Mean time per level.
                   A        B        C        D        E       F      G
               +--------+--------+--------+--------+--------+-----+--------+
         Total |   6297 |   6090 |    207 |    805 |   4249 |   7 |  899.6 |
       Dungeon |   6297 |   6090 |    207 |    805 |   4249 |   7 |  899.6 |
               +--------+--------+--------+--------+--------+-----+--------+

Top non-repeatable levels by time:
     D:6: 1596 daAuts
     D:4: 1264 daAuts
     D:3: 1087 daAuts
     D:1: 912 daAuts
     D:5: 734 daAuts
     D:2: 631 daAuts
     D:7: 70 daAuts
